 Dungeon Crawl Stone Soup version 0.23.2-1-ga50397a (webtiles) character file.

Game seed: 17523068185450172479

113 Aske the Skirmisher (level 4, -1/40 HPs)
             Began as a Ghoul Monk on Apr 28, 2019.
             Slain by an iguana (7 damage)
             ... on level 3 of the Dungeon.
             The game lasted 00:04:36 (1648 turns).

Aske the Skirmisher (Ghoul Monk)                    Turns: 1648, Time: 00:04:37

Health: -1/40      AC:  9    Str: 13 (14) XL:     4   Next: 96%
Magic:  3/3        EV: 10    Int: 10      God:
Gold:   111        SH:  0    Dex: 10 (12) Spells: 3/3 levels left

rFire    . . .     SeeInvis .   j - +0 short sword (speed)
rCold    + . .     Gourm    .   (no shield)
rNeg     + + +     Faith    .   o - +0 scale mail
rPois    ∞         Spirit   .   (no helmet)
rElec    .         Reflect  .   (no cloak)
rCorr    .         Harm     .   c - +2 pair of gloves
MR       .....                  (no boots)
Stlth    ..........             (no amulet)
HPRegen  0.00/turn              (no ring)
MPRegen  0.08/turn              (no ring)

@: brilliant, rotting
A: rotting body, claws 1, carnivore, cold resistance 1, negative energy
resistance 3, inhibited regeneration, torment resistance, unbreathing
a: no special abilities


You were on level 3 of the Dungeon.
You were not hungry.

You visited 1 branch of the dungeon, and saw 3 of its levels.

You collected 111 gold pieces.

Inventory:

Hand Weapons
 j - a +0 short sword of speed (weapon)
Armour
 c - a +2 pair of gloves (worn)
 o - a +0 scale mail (worn)
Scrolls
 a - a scroll of fog {unknown}
 f - 6 scrolls of teleportation {unknown}
 h - a scroll of remove curse {unknown}
 i - a scroll of amnesia {unknown}
 m - a scroll of identify {unknown}
 n - a scroll of random uselessness {unknown}
Potions
 g - 2 potions of mutation
Comestibles
 b - 6 rations


   Skills:
 + Level 4.0 Fighting
 * Level 2.0 Short Blades
 * Level 1.3 Armour
 * Level 3.2 Dodging
 + Level 2.3 Stealth
 - Level 3.6 Unarmed Combat


You had 3 spell levels left.
You didn't know any spells.
Your spell library was empty.

Dungeon Overview and Level Annotations

Branches:
Dungeon (3/15)

Altars:


Innate Abilities, Weirdness & Mutations

Your body is rotting away.
You thrive on raw meat.
You are immune to poison.
You have sharp fingernails.
You are carnivorous and can eat meat at any time.
Your flesh is cold resistant. (rC+)
You are immune to negative energy. (rN+++)
You do not regenerate when monsters are visible.
You are immune to unholy pain and torment.
You can survive without breathing.


Message History

The iguana hisses menacingly.
The iguana barely misses you.
Eat one of 4 chunks of flesh? (ye/n/q)
You eat one of the 4 chunks of flesh.
This raw flesh tastes great!
The iguana bites you but does no damage.
Eat one of 3 chunks of flesh? (ye/n/q)
You eat one of the 3 chunks of flesh.
This raw flesh tastes great!
The iguana bites you!
* * * LOW HITPOINT WARNING * * *
Eat one of 2 chunks of flesh? (ye/n/q)
You eat one of the 2 chunks of flesh.
This raw flesh tastes great!
The iguana bites you but does no damage.
Eat a chunk of flesh? (ye/n/q)
You eat the chunk of flesh.
This raw flesh tastes great!
The iguana barely misses you.
Okay, then.
You hit the iguana but do no damage. The iguana bites you!
* * * LOW HITPOINT WARNING * * *
You hit the iguana but do no damage. The iguana bites you!
You die...

.....................#
.........................#
....!....................#
.........................#
..........(..............###
........................÷..÷
.........................###
...........÷.............#
..........l@.............#
.......$.................###
............................
............................
............................
.........................÷..
............................
............................
.......(.................###


You could see an iguana.

Vanquished Creatures
  5 adders
  4 worms
  2 leopard geckos (D:2)
  An orc (D:3)
  A giant cockroach (D:2)
  8 goblins
  4 hobgoblins (D:2)
  4 jackals (D:3)
  9 kobolds
  A quokka (D:2)
  7 bats
  3 frilled lizards
  9 rats
58 creatures vanquished.

Notes
Turn   | Place    | Note
-------+----------+-------------------------------------------
     0 | D:1      | Aske the Ghoul Monk began the quest for the Orb.
     0 | D:1      | Reached XP level 1. HP: 19/19 MP: 0/0
   328 | D:1      | Reached XP level 2. HP: 26/26 MP: 1/1
   920 | D:2      | Reached XP level 3. HP: 25/33 MP: 2/2
  1036 | D:2      | Reached skill level 1 in Short Blades
  1048 | D:2      | Reached skill level 1 in Armour
  1146 | D:2      | Reached XP level 4. HP: 40/40 MP: 3/3
  1456 | D:3      | Reached skill level 4 in Fighting
  1637 | D:3      | HP: 1/40 [iguana (6)]
  1648 | D:3      | Slain by an iguana

Skill      XL: |  1  2  3  4 |
---------------+-------------+-----
Dodging        | 3 |  3.2
Short Blades   | 1 2 |  2.0
Armour         | 1 |  1.3
Fighting       | 4 |  4.0
Stealth        | |  2.3
Unarmed Combat | |  3.6

Action                   |  1- 3 |  4- 6 || total
-------------------------+-------+-------++-------
Melee: Unarmed           |    47 |       ||    47
       Short sword       |   103 |   150 ||   253
       Punch             |       |     2 ||     2
  Use: Potion            |       |     3 ||     3
       Scroll            |       |     1 ||     1
 Stab: Sleeping          |     1 |       ||     1
  Eat: Chunk             |    12 |    15 ||    27
Armor: Robe              |     8 |       ||     8
       Plate armour      |    67 |   110 ||   177
       Scale mail        |       |    10 ||    10
       Skin              |       |     2 ||     2
Dodge: Dodged            |    50 |    43 ||    93
